 Dungeon Crawl Stone Soup version 0.31-a0-960-g0fca184906 (webtiles) character file.

Game seed: 6668869687214215366

1441251 Sergey the Slayer (level 26, 202/248 HPs)
             Began as a Ghoul Fighter on Oct 22, 2023.
             Was an Initiate of Gozag.
             Escaped with the Orb
             ... and 3 runes!
             The game lasted 03:04:37 (91087 turns).

Sergey the Slayer (Ghoul Fighter)                  Turns: 91087, Time: 03:04:38

Health: 202/248    AC: 53    Str: 33    XL:     26   Next: 73%
Magic:  22/22      EV: 14    Int:  5    God:    Gozag
Gold:   3082       SH: 14    Dex:  8    Spells: 25/25 levels left

rFire   + +          .
                       - Unarmed
rCold   + + .        E - +2 kite shield {AC+3}
rNeg    + + +        P - +11 crystal plate armour of Kuzxouk {Will+}
rPois   ∞            h - +2 helmet of Burning Satisfaction {*Corrode rPois Str+3 SInv}
rElec   +            t - +2 cloak {Will+}
rCorr   +            N - +0 pair of gloves of Anaesthesia {rC+ Will+ rCorr}
SInv    +            U - +2 pair of boots of Weirdness {Rampage rC- Will++ SInv}
Will    +++++        u - macabre finger necklace {Finger+ rN+} Stlth
                     B - +5 ring of evasion
HPRegen 0.00/turn    G - ring of protection from fire
MPRegen 0.18/turn    s - ring of Hesagoj {rElec rF+ rC+ rN+ Stlth+}

%: corrode self (3%), rampage
@: gold aura, inhibited regen
A: claws 1, cold resistance 1, negative energy resistance 3, inhibited
regeneration, torment resistance 2, devour on kill
0: Orb of Zot
}: 3/15 runes: decaying, serpentine, slimy
a: Renounce Religion, Potion Petition, Call Merchant, Bribe Branch


You escaped.
You worshipped Gozag.
Gozag was most pleased with you.
You visited 11 branches of the dungeon, and saw 54 of its levels.

You collected 26814 gold pieces.
You spent 7363 gold pieces at shops.
You paid 16369 gold pieces to Gozag.

Inventory:

Missiles
 g - 11 datura-tipped darts {!f}
 r - a throwing net
 F - 7 javelins
 K - 33 boomerangs (quivered)
 L - 13 curare-tipped darts
Armour
 b - a +2 pair of gloves
 h - the +2 helmet of Burning Satisfaction (worn) {*Corrode rPois Str+3 SInv}
   (You bought it in a shop on level 1 of the Depths)

   Str+3:     It affects your strength (+3).
   rPois:     It protects you from poison SInv: It lets you see invisible.
   *Corrode:  It may corrode you when you take damage.
 t - a +2 cloak of willpower (worn)
 E - a +2 kite shield of protection (worn)
 N - the +0 pair of gloves of Anaesthesia (worn) {rC+ Will+ rCorr}
   (You bought it in a shop on level 2 of the Vaults)

   rC+:       It protects you from cold.
   Will+:     It increases your willpower.
   rCorr:     It protects you from acid and corrosion.
 P - the +11 crystal plate armour of Kuzxouk (worn) {Will+}
   (You acquired it on level 5 of the Pits of Slime)

   Will+:     It increases your willpower.
 U - the +2 pair of boots of Weirdness (worn) {Rampage rC- Will++ SInv}
   (You acquired it on level 2 of the Snake Pit)

   rC-:       It makes you vulnerable to cold.
   Will++:    It greatly increases your willpower.
   SInv:      It lets you see invisible.
   Rampage:   It bestows one free step when moving towards enemies.
Jewellery
 n - the ring "Qoikhla" {Will+ Dex+3 SInv}
   (You bought it in a shop on level 11 of the Dungeon)

   [ring of willpower]

   Dex+3:     It affects your dexterity (+3).
   Will+:     It increases your willpower.
   SInv:      It lets you see invisible.
 s - the ring of Hesagoj (on amulet) {rElec rF+ rC+ rN+ Stlth+}
   (You bought it in a shop on level 11 of the Dungeon)

   [ring of protection from cold]

   rF+:       It protects you from fire.
   rC+:       It protects you from cold.
   rElec:     It insulates you from electricity.
   rN+:       It protects you from negative energy.
   Stlth+:    It makes you more stealthy.
 u - the macabre finger necklace (around neck) {Finger+ rN+}
   (You bought it in a shop on level 11 of the Dungeon)

   [amulet of nothing]

   Finger+:   It enables you to equip an extra ring.
   rN+:       It protects you from negative energy.
 z - a +4 ring of protection
 B - a +5 ring of evasion (left hand)
 G - a ring of protection from fire (right hand)
 V - a +6 ring of strength
Wands
 a - a wand of flame (49)
 v - a wand of digging (3)
 A - a wand of mindburst (2)
 M - a wand of paralysis (27)
Scrolls
 d - 11 scrolls of teleportation {@r3}
 f - 2 scrolls of immolation
 m - 5 scrolls of fog {@r2}
 q - a scroll of amnesia
 I - 2 scrolls of silence {!r}
 J - 5 scrolls of enchant armour
 Q - 4 scrolls of blinking {@r4}
 R - 4 scrolls of vulnerability {!r}
 X - 2 scrolls of fear
Potions
 e - 5 potions of heal wounds {@q1}
 j - 2 potions of might {@q3}
 l - 6 potions of cancellation
 p - 3 potions of enlightenment
 w - 9 potions of ambrosia
 x - 10 potions of curing {@q2}
 y - 7 potions of lignification
 D - 3 potions of attraction
 O - 5 potions of resistance
 T - 2 potions of invisibility
 Z - a potion of magic
Miscellaneous
 o - a phial of floods
 C - a box of beasts
 Y - a phantom mirror


   Skills:
 + Level 22.5 Fighting
 - Level 16.0 Throwing
 + Level 18.8 Armour
 - Level 10.0 Dodging
 - Level 8.0 Stealth
 + Level 15.6 Shields
 + Level 22.5 Unarmed Combat
 + Level 20.4 Evocations


You had 25 spell levels left.
You didn't know any spells.
Your spell library contained the following spells:

 Spells                   Type           Power      Damage    Failure   Level
 Apportation              Tloc           0%         N/A       100%        1
 Foxfire                  Conj/Fire      0%         2x1d4     100%        1
 Kiss of Death            Conj/Necr      0%         2d5       100%        1
 Sandblast                Erth           0%         2d4       100%        1
 Summon Small Mammal      Summ           0%         N/A       100%        1
 Ensorcelled Hibernation  Hex/Ice        0%         N/A       100%        2
 Jinxbite                 Hex            0%         N/A       100%        2
 Passwall                 Tmut/Erth      0%         N/A       100%        2
 Static Discharge         Conj/Air       0%         3-3/arc   100%        2
 Call Canine Familiar     Summ           0%         N/A       100%        3
 Confusing Touch          Hex            0%         N/A       100%        3
 Dazzling Flash           Conj/Hex       0%         N/A       100%        3
 Frozen Ramparts          Ice            0%         1d1       100%        3
 Ignite Poison            Fire/Tmut/Pois 0%         N/A       100%        3
 Inner Flame              Hex/Fire       0%         N/A       100%        3
 Ozocubu's Armour         Ice            0%         N/A       100%        3
 Sigil of Binding         Hex            0%         N/A       100%        3
 Stone Arrow              Conj/Erth      0%         3d7       100%        3
 Summon Guardian Golem    Hex/Summ       0%         N/A       100%        3
 Swiftness                Air            0%         N/A       100%        3
 Tukima's Dance           Hex            0%         N/A       100%        3
 Volatile Blastmotes      Fire/Tloc      0%         2d10      100%        3
 Airstrike                Air            0%         2d(0-16)  100%        4
 Anguish                  Hex/Necr       0%         N/A       100%        4
 Animate Armour           Summ/Erth      0%         N/A       100%        4
 Brom's Barrelling Bould  Conj/Erth      0%         2d3       100%        4
 Cause Fear               Hex            0%         N/A       100%        4
 Dimensional Bullseye     Hex/Tloc       0%         N/A       100%        4
 Dispel Undead            Necr           0%         3d6       100%        4
 Iskenderun's Mystic Bla  Conj/Tloc      0%         2d3       100%        4
 Leda's Liquefaction      Hex/Erth       0%         N/A       100%        4
 Passage of Golubria      Tloc           0%         N/A       100%        4
 Petrify                  Tmut/Erth      0%         N/A       100%        4
 Sticky Flame             Conj/Fire      0%         2d3       100%        4
 Summon Lightning Spire   Summ/Air       0%         N/A       100%        4
 Vhi's Electric Charge    Tloc/Air       0%         N/A       100%        4
 Agony                    Necr           0%         N/A       100%        5
 Alistair's Intoxication  Tmut/Pois      0%         N/A       100%        5
 Arcjolt                  Conj/Air       0%         1d10      100%        5
 Fireball                 Conj/Fire      0%         3d3       100%        5
 Irradiate                Conj/Tmut      0%         3d11      100%        5
 Lee's Rapid Deconstruct  Erth           0%         3d4*      100%        5
 Metabolic Englaciation   Hex/Ice        0%         N/A       100%        5
 Silence                  Hex/Air        0%         N/A       100%        5
 Yara's Violent Unravell  Hex/Tmut       0%         3d3       100%        5
 Conjure Ball Lightning   Conj/Air       0%         3x3d6     100%        6
 Plasma Beam              Fire/Air       0%         2x1d10    100%        6
 Starburst                Conj/Fire      0%         6d3       100%        6
 Enfeeble                 Hex            0%         N/A       100%        7
 Haunt                    Necr/Summ      0%         N/A       100%        7
 Malign Gateway           Summ/Tloc      0%         N/A       100%        7
 Orb of Destruction       Conj           0%         9d5       100%        7
 Ozocubu's Refrigeration  Ice            0%         4d7       100%        7
 Spellforged Servitor     Conj/Summ      0%         N/A       100%        7
 Discord                  Hex            0%         N/A       100%        8
 Disjunction              Tloc           0%         N/A       100%        8
 Ignition                 Fire           0%         3d3       100%        8
 Lehudib's Crystal Spear  Conj/Erth      0%         10d2      100%        8
 Maxwell's Capacitive Co  Air            0%         ∞         100%        8
 Summon Horrible Things   Summ           0%         N/A       100%        8
 Chain Lightning          Conj/Air       0%         N/A       100%        9
 Dragon's Call            Summ           0%         N/A       100%        9
 Sublimation of Blood     Necr           Unusable   N/A       N/A         2
 Wereblood                Tmut           Unusable   N/A       N/A         2
 Borgnjor's Revivificati  Necr           Unusable   N/A       N/A         8
 Death's Door             Necr           Unusable   N/A       N/A         9

Dungeon Overview and Level Annotations

Branches:
Dungeon (15/15)            Temple (0/1) D:5            Lair (5/5) D:11
  Swamp (4/4) Lair:2        Snake (4/4) Lair:3        Slime (5/5) Lair:5
    Orc (2/2) D:10            Elf (3/3) Orc:2        Vaults (4/5) D:13
  Crypt (3/3) Vaults:2       Tomb (0/3) Crypt:3      Depths (4/4) D:15
    Zot (5/5) Depths:4

Altars:
Gozag
Hepliaklqana
Kikubaaqudgha
Ru
Uskayaw
Vehumet
Xom
Yredelemnul
Lugonu

Shops:
D:8 !   D:9 (   D:11 =   D:14 *?   Orc:1 [   Orc:2 (**=[   Elf:1 [   Snake:3 :
Snake:4 ?   Vaults:2 [   Vaults:3 (   Vaults:4 (   Depths:1 [[   Depths:4 [

Portals:
Hell: Depths:1 Depths:3 Depths:4
Abyss: Lair:5 Depths:3 Depths:4
Ziggurat: Depths:3
Trove: D:13 (give 4 scrolls of fear)

Annotations:
D:3 1 runed translucent door, exclusion: downstairs, Crazy Yiuf
D:5 1 runed translucent door, exclusion: downstairs, Syrassil's ghost, novice KoMo
D:13 exclusions: downstairs and ice statue
Lair:3 exclusion: downstairs
Lair:4 exclusions: slime creature and 2 more exclusions
Lair:5 VAULT
Swamp:1 1 runed translucent door, 3 exclusions, Ricegish's ghost, adept GnFi; Roxanne
Snake:1 exclusion: 2 downstairs
Snake:2 Frances
Snake:4 Vashnia
Elf:1 Norris
Elf:2 3 runed translucent doors
Vaults:1 exclusion: downstairs
Vaults:3 2 transporters, exclusion: obsidian statue
Depths:2 exclusion: orange crystal statue
Depths:3 exclusion: downstairs
Zot:2 exclusion: downstairs
Zot:3 2 exclusions, Tiamat
Zot:4 Parghit
Zot:5 3 runed translucent doors, JaaP's ghost, legendary MiFi


Innate Abilities, Weirdness & Mutations

You are immune to poison.
You have sharp fingernails.
Your flesh is cold resistant. (rC+)
You are immune to negative energy. (rN+++)
You do not regenerate when monsters are visible.
You are immune to unholy pain and torment.
You thrive by killing the living.


Message History

You throw a boomerang. The boomerang hits the orange demon!
The orange demon is lightly wounded.
You throw a boomerang.
The boomerang barely misses the orange demon.
The orange demon barely misses you.
You throw a boomerang.
The boomerang hits the orange demon but does no damage.
The orange demon is lightly wounded.
The orange demon misses you.
You throw a boomerang. The boomerang hits the orange demon!!!
The orange demon is almost dead.
The orange demon misses you.
You throw a boomerang. The boomerang hits the orange demon!!!
You kill the orange demon!
No target in view!
There is a stone staircase leading up here.
You climb upwards.
There is a stone staircase leading down here.
A hellion comes into view.
You throw a boomerang.
The boomerang barely misses the hellion.
You throw a boomerang.
The boomerang closely misses the hellion.
You throw a boomerang. The boomerang hits the hellion!!
The hellion is almost dead.
The hellion gestures at you.
The sphere of damnation explodes!
The damnation engulfs you!!
You throw a boomerang.
The boomerang closely misses the hellion.
The hellion gestures at you.
The sphere of damnation explodes!
The damnation engulfs you!!
You throw a boomerang. The boomerang hits the hellion!
You kill the hellion!
A Hell Sentinel comes into view.
Blink to where?
Press: ? - help, Dir - move target
As you read the scroll of blinking {@r4}, it crumbles to dust.
Unknown command.
Unknown command.
You have escaped!

#............######..######
#.# #
#.###........####....# #.#
# #.###.#...........§..###
#.#####
#.#...........1..#.....#
#......
................#.#..#.####
#######
#.#.#.#.#......#...#......#
#
#.#...#...#####.....#####.#
#
#.#..##.#..#...........#..#
#
#.#..##.#...#....@....#..##
#
#.#.........#.........#..##
#
#>#..####..#...........#..#
#.........#####.....#####.#
###..#.##......#...#......#
#..............#.#..####.#
##.#.#####.##.#..#..## #.#
## ##.#.#
##.##.##...######.# #.
##.#.# #...#.#####.......#
#.


You could see a Hell Sentinel.

Vanquished Creatures
  A dread lich (Crypt:3)
  An ancient lich (Zot:5)
  A juggernaut (Depths:4)
  An orb of fire (Zot:5)
  3 royal mummies (Crypt:2)
  the Lernaean hydra (Swamp:4)
  Saint Roka (Vaults:4)
  Xtahua (Crypt:1)
  A curse toe (Zot:4)
  4 caustic shrikes
  7 golden dragons
  Nikola (Elf:3)
  2 shard shrike zombies
  An electric golem (Zot:5)
  9 Orb Guardians
  15 tentacled monstrosities
  Jorgrun (Swamp:1)
  3 liches
  Asterion (Snake:1)
  6 quicksilver dragons
  2 walking frostbound tomes (Depths:3)
  2 deep elf master archers (Elf:3)
  A deep elf blademaster (Elf:3)
  A walking divine tome (Depths:3)
  12 acid blobs
  A sphinx (Depths:4)
  2 ancient champions (Crypt:1)
  2 death cobs
  An Executioner (Zot:5)
  A thorn hunter (Swamp:4)
  Aizul (Snake:3)
  7 storm dragons
  7 draconian monks
  A revenant (Crypt:2)
  4 shadow dragons
  3 nagarajas (Snake:4)
  Kirke (Lair:3)
  5 tengu reavers
  Donald (Snake:2)
  6 azure jellies
  A fenstrider witch (Swamp:2)
  5 draconian knights (Zot:1)
  11 rockslimes
  2 frost giants
  An iron dragon (Depths:3)
  4 deep elf sorcerers
  6 fire giants
  10 draconian scorchers
  A deep elf elementalist (Elf:3)
  A curse skull (Crypt:1)
  13 vault wardens
  A reaper (Crypt:2)
  5 draconian shifters
  2 orc warlords
  A cacodemon (D:2)
  8 draconian annihilators
  A spectral juggernaut (Depths:2)
  16 ironbound preservers
  A spriggan defender (Depths:3)
  4 draconian stormcallers
  7 war gargoyles
  4 ghouls (Crypt:1)
  9 very ugly things
  2 formless jellyfish (Vaults:3)
  7 quicksilver oozes
  5 vampire knights
  3 ironbound thunderhulks
  10 stone giants
  7 deep elf annihilators (Elf:3)
  17 dire elephants
  6 purple draconians
  5 deep elf demonologists
  9 yellow draconians
  5 eleionomae
  7 green draconians
  4 bunyips
  Azrael (D:12)
  9 black draconians
  11 white draconians
  6 red draconians
  9 deep elf death magi
  An eidolon (Depths:2)
  A green death (Zot:1)
  A spectral golden dragon (Depths:2)
  4 crystal guardians
  A merfolk javelineer (Depths:1)
  4 entropy weavers
  Snorg (Orc:1)
  2 mummy priests (Crypt:2)
  6 ettins
  3 jiangshi
  8 great orbs of eyes
  4 fire dragons
  2 salamander tyrants (Snake:4)
  A spectral shadow dragon (Depths:2)
  12 yaktaur captains
  3 deep elf high priests (Elf:3)
  2 spectral spriggans (Depths:2)
  A quicksilver dragon skeleton (Crypt:3)
  4 peacekeepers
  2 rakshasas (Depths:1)
  Erolcha (Orc:1)
  A spriggan zombie (Crypt:3)
  23 centaur warriors
  25 hydras
  A spriggan air mage (Depths:3)
  8 vault guards
  7 ice dragons
  12 ironbound frosthearts
  14 alligators
  Erica (Lair:2)
  A spectral fire giant (Depths:2)
  A spectral frost giant (Depths:2)
  11 death yaks
  A spriggan skeleton (Crypt:3)
  4 anacondas
  14 dancing weapons
  A ghost crab (Swamp:3)
  A spectral stone giant (Depths:2)
  3 two-headed ogres
  6 death knights
  7 naga warriors
  3 tengu warriors
  8 boulder beetles
  4 hell hogs
  5 vampire magi
  4 thrashing horrors (Lair:5)
  A spriggan berserker (Depths:3)
  2 titan zombies
  2 occultists
  12 naga sharpshooters
  A spectral storm dragon (Depths:2)
  3 deep troll earth magi
  12 deep elf knights
  8 orc high priests
  6 hell knights (Crypt:3)
  14 spriggans
  8 shock serpents
  2 large abominations
  A salamander mystic (Snake:4)
  Lodul (D:10)
  36 skeletal warriors
  2 spectral spark wasps (Depths:2)
  4 skysharks
  8 sun demons
  An iron troll (Depths:1)
  A sixfirhy (Zot:5)
  2 anaconda zombies
  5 goliath frogs
  A storm dragon zombie (Crypt:3)
  4 spriggan druids
  7 flayed ghosts
  3 orb spiders (Depths:1)
  A titan skeleton (Crypt:1)
  12 swamp dragons
  2 anaconda skeletons (Crypt:3)
  11 lindwurms
  6 arcanists
  3 glowing orange brains
  45 deep trolls
  A spectral iron dragon (Depths:2)
  9 bog bodies
  12 necromancers
  A bunyip skeleton (Crypt:1)
  4 naga ritualists
  13 phantasmal warriors
  6 orc knights
  A harpy (Vaults:3)
  20 ironbound convokers
  24 deep elf zephyrmancers
  A sphinx simulacrum (Depths:2)
  18 deep elf archers
  36 deep elf pyromancers
  10 mana vipers
  A spectral ettin (Depths:2)
  A manticore (D:13)
  27 ugly things
  An oklob plant (Lair:2)
  16 salamanders
  6 shining eyes
  6 will-o-the-wisps
  A moth of wrath (shapeshifter) (Depths:1)
  A cyclops (shapeshifter) (Depths:3)
  8 orc sorcerers
  12 moths of wrath
  2 cyclopes
  A salamander (shapeshifter) (Lair:5)
  11 guardian serpents
  12 vault sentinels
  A rust devil (Crypt:1)
  49 slime creatures
  11 naga magi
  A centaur zombie (Crypt:2)
  A naga zombie (Crypt:1)
  50 black mambas
  An unseen horror (D:11)
  2 dire elephant skeletons (Crypt:1)
  3 orange demons
  6 eyes of devastation
  2 molten gargoyles (D:13)
  A yaktaur zombie (Vaults:1)
  2 gargoyles
  Maggie (D:8)
  2 centaur skeletons
  3 rime drakes
  5 freezing wraiths
  10 cane toads
  2 hellions
  7 komodo dragons
  A yaktaur (shapeshifter) (Lair:5)
  A golden dragon simulacrum (Depths:2)
  2 spectral glowing shapeshifters (Depths:2)
  An anaconda simulacrum (Crypt:2)
  A tengu conjurer (D:14)
  A yellow draconian skeleton (Crypt:1)
  An elf skeleton (Vaults:1)
  28 yaktaurs
  4 efreet
  A red draconian zombie (Crypt:2)
  2 harpy zombies (Crypt:3)
  An unseen horror skeleton (Crypt:2)
  9 trolls
  3 meliai (D:14)
  3 polar bears
  2 glass eyes
  A wolf spider simulacrum (D:14)
  A tarantella (shapeshifter) (Elf:2)
  A guardian serpent zombie (Crypt:2)
  14 hornets
  An iron troll skeleton (Crypt:2)
  13 tyrant leeches
  3 raiju (Lair:5)
  A harpy skeleton (Crypt:3)
  28 blink frogs
  A human simulacrum (Crypt:1)
  2 ettin zombies
  A jumping spider (shapeshifter) (D:15)
  An air elemental (Elf:3)
  43 flying skulls
  A culicivora (Vaults:3)
  A fire dragon zombie (Crypt:3)
  A ynoxinul (Lair:5)
  A human (shapeshifter) (D:14)
  A spriggan (shapeshifter) (Lair:5)
  3 shadows
  15 water elementals
  12 wraiths
  9 wyverns
  26 yaks
  A black mamba skeleton (Crypt:1)
  8 fire elementals
  A fire bat (shapeshifter) (D:14)
  9 basilisks
  2 hogs (Lair:3)
  A golden eye (shapeshifter) (Lair:5)
  8 golden eyes
  2 steam dragons (D:9)
  23 vampire mosquitoes
  A chaos spawn (Lair:5)
  35 nagas
  4 redbacks
  2 wargs
  2 acid dragons (D:11)
  10 swamp worms
  A glowing shapeshifter zombie (Vaults:1)
  2 hell hounds (D:12)
  15 water moccasins
  An ice beast (D:7)
  8 swamp drakes
  A hornet zombie (Crypt:1)
  28 orc warriors
  2 sky beasts (D:7)
  5 black bears
  A black bear (shapeshifter) (D:13)
  12 ogres
  15 centaurs
  7 wolves
  A human skeleton (Vaults:1)
  3 phantoms
  10 kobold brigands
  11 small abominations (Lair:5)
  2 necrophages
  11 bullfrogs
  5 gnoll sergeants (D:10)
  2 scorpions
  A naga simulacrum (Crypt:2)
  3 earth elementals
  8 wights
  5 killer bees
  An electric eel (Lair:5)
  A howler monkey (D:10)
  6 jellies
  5 hounds
  A gnoll bouda (D:3)
  11 orc priests
  4 iron imps (Crypt:1)
  2 sleepcaps
  2 iguanas (D:5)
  21 orc wizards
  An ogre zombie (Crypt:1)
  2 acid dragon skeletons
  A naga skeleton (Crypt:1)
  5 adders
  9 gnolls
  A shadow imp (D:8)
  A white imp (D:8)
  2 adder zombies
  2 dart slugs
  71 orcs
  5 bats
  10 endoplasms
  4 giant cockroaches
  9 goblins
  7 hobgoblins
  3 jackals (D:2)
  A quokka (D:2)
  8 ball pythons
  7 frilled lizards
  41 kobolds
  A kobold skeleton (Crypt:1)
  3 rats
1997 creatures vanquished.

Vanquished Creatures (collateral kills)
  2 dread liches (Zot:5)
  2 ancient liches (Zot:5)
  4 Killer Klowns
  3 tentacled monstrosities
  13 Orb Guardians (Zot:5)
  A deep elf blademaster (Elf:3)
  A deep elf master archer (Elf:3)
  A death cob (Zot:4)
  A draconian knight (Zot:5)
  4 draconian scorchers
  A ghoul (Crypt:1)
  An orc warlord (Vaults:2)
  2 draconian shifters
  A spectral titan (Depths:2)
  A red draconian (Zot:5)
  3 black draconians
  2 white draconians
  A yellow draconian (Zot:4)
  A purple draconian (Zot:5)
  A spectral frost giant (Depths:2)
  A dancing weapon (Elf:2)
  A shadow demon (Zot:5)
  An arcanist (Vaults:1)
  A bog body (Crypt:1)
  2 ironbound convokers (Vaults:4)
  A necromancer (Crypt:1)
  A deep elf zephyrmancer (Elf:2)
  2 large abominations (Zot:5)
  A moth of wrath (Zot:5)
  A vault sentinel (Vaults:2)
  An orange demon (Zot:2)
  2 yaktaurs (Vaults:2)
  3 flying skulls (Crypt:1)
  A centaur simulacrum (Crypt:1)
  A water elemental (Elf:2)
  2 neqoxecs
  A naga simulacrum (Crypt:1)
69 creatures vanquished.

Vanquished Creatures (others)
  An ancient lich (Zot:5)
  A bone dragon (Crypt:3)
  6 Orb Guardians (Zot:5)
  A ghost moth (Zot:4)
  A draconian stormcaller (Zot:5)
  A purple draconian (Zot:5)
  A yellow draconian (Zot:1)
  2 deep elf knights
  3 deep elf zephyrmancers
  A mana viper (Snake:3)
  2 molten gargoyles (D:13)
  2 bloated husks (Swamp:2)
  5 dream sheep (D:8)
  2 water elementals
  3 humans (Lair:3)
  A warg (shapeshifter) (Elf:1)
  A necrophage (Crypt:3)
  An electric eel (D:14)
  32 foxfires
67 creatures vanquished.

Grand Total: 2133 creatures vanquished

Notes
Turn   | Place    | Note
-------+----------+-------------------------------------------
     0 | D:1      | Sergey the Ghoul Fighter began the quest for the Orb.
     0 | D:1      | Reached XP level 1. HP: 19/19 MP: 0/0
   318 | D:1      | Reached skill level 1 in Stealth
   496 | D:1      | Reached XP level 2. HP: 26/26 MP: 1/1
  1205 | D:1      | Reached XP level 3. HP: 31/31 MP: 2/2
  2815 | D:2      | You fall into a shaft and drop 2 floors!
  3507 | D:3      | Reached XP level 4. HP: 38/38 MP: 3/3
  3672 | D:3      | Found a runed translucent door.
  3673 | D:3      | Noticed Crazy Yiuf
  3750 | D:3      | Found a faded altar of an unknown god.
  3761 | D:3      | Prayed at the altar of an unknown god.
  3761 | D:3      | Became a worshipper of Gozag Ym Sagoz the Greedy
  5376 | D:3      | Reached XP level 5. HP: 26/46 MP: 4/4
  5941 | D:3      | Reached skill level 5 in Fighting
  5941 | D:3      | Reached XP level 6. HP: 54/56 MP: 5/5
  6664 | D:4      | Reached XP level 7. HP: 63/63 MP: 6/6
  6708 | D:4      | Reached skill level 5 in Unarmed Combat
  6870 | D:4      | Found a sacrificial altar of Ru.
  6871 | D:4      | Found an ancient bone altar of Kikubaaqudgha.
  6873 | D:4      | Found a hide-covered altar of Uskayaw.
  7115 | D:5      | Entered Level 5 of the Dungeon
  7775 | D:5      | Found a staircase to the Ecumenical Temple.
  8023 | D:5      | Found a runed translucent door.
  8024 | D:5      | Noticed Syrassil's ghost (novice KoMo)
  8336 | D:5      | Reached skill level 1 in Throwing
  8336 | D:5      | Reached skill level 1 in Evocations
  8479 | D:6      | Reached XP level 8. HP: 70/70 MP: 7/7
  8892 | D:6      | Reached skill level 5 in Armour
  9442 | D:6      | Reached XP level 9. HP: 63/79 MP: 8/8
  9508 | D:6      | Identified a scroll of acquirement
  9618 | D:6      | Acquired 763 gold pieces
 10678 | D:7      | Reached skill level 5 in Evocations
 11076 | D:8      | Identified the of Nogar
 11079 | D:8      | Bought a potion of heal wounds for 65 gold pieces
 11079 | D:8      | Bought a potion of curing for 39 gold pieces
 11079 | D:8      | Bought a potion of might for 52 gold pieces
 11079 | D:8      | Bought a potion of curing for 39 gold pieces
 11079 | D:8      | Bought a potion of curing for 39 gold pieces
 11079 | D:8      | Bought a potion of heal wounds for 65 gold pieces
 11079 | D:8      | Bought a potion of cancellation for 104 gold pieces
 11188 | D:8      | Found a shimmering altar of Xom.
 11694 | D:8      | Noticed Maggie
 11709 | D:8      | Killed Maggie
 12239 | D:9      | Reached XP level 10. HP: 34/88 MP: 9/9
 12434 | D:9      | Noticed a two-headed ogre
 12452 | D:9      | Killed a two-headed ogre
 12561 | D:9      | Found Zajipoiq's Weapon Shoppe.
 13459 | D:10     | Entered Level 10 of the Dungeon
 13862 | D:10     | Found a hazy altar of Hepliaklqana.
 13951 | D:10     | Noticed Lodul
 14229 | D:11     | Noticed a two-headed ogre
 14246 | D:11     | Killed a two-headed ogre
 14247 | D:11     | Reached XP level 11. HP: 97/97 MP: 10/10
 14615 | D:11     | Noticed a green ugly thing
 14624 | D:11     | Killed a green ugly thing
 14660 | D:11     | Found a staircase to the Lair.
 14660 | D:11     | Noticed a death yak
 14673 | D:11     | Killed a death yak
 14674 | D:11     | Reached skill level 10 in Fighting
 14674 | D:11     | Reached skill level 5 in Shields
 14674 | D:11     | Reached skill level 10 in Unarmed Combat
 14905 | D:11     | Found Luetsec's Jewellery Shoppe.
 14911 | D:11     | Bought the ring "Qoikhla" {Will+ Dex+3 SInv} for 510 gold
                  | pieces
 14911 | D:11     | Bought the ring of Hesagoj {rElec rF+ rC+ rN+ Stlth+} for
                  | 636 gold pieces
 14911 | D:11     | Bought the macabre finger necklace {Finger+ rN+} for 480
                  | gold pieces
 14911 | D:11     | Found the macabre finger necklace {Finger+ rN+}
 15426 | Lair:1   | Entered Level 1 of the Lair of Beasts
 15808 | Lair:1   | Noticed a skyshark
 15820 | Lair:1   | Killed a skyshark
 16485 | Lair:2   | Noticed a five-headed hydra
 16494 | Lair:2   | Killed a five-headed hydra
 16495 | Lair:2   | Reached XP level 12. HP: 69/106 MP: 11/11
 16998 | Lair:2   | Noticed a six-headed hydra
 17005 | Lair:2   | Killed a six-headed hydra
 17006 | Lair:2   | Reached skill level 10 in Armour
 17091 | Lair:2   | Found a staircase to the Swamp.
 17174 | Lair:2   | Noticed Erica
 17207 | Lair:2   | Killed Erica
 17537 | Lair:2   | Reached skill level 5 in Throwing
 17667 | Lair:2   | Noticed a skyshark
 17677 | Lair:2   | Killed a skyshark
 17818 | Lair:2   | Noticed a four-headed hydra
 17828 | Lair:2   | Killed a four-headed hydra
 18179 | Lair:3   | Noticed Kirke
 18188 | Lair:2   | Noticed a sphinx
 18201 | Lair:3   | Killed Kirke
 18603 | Lair:3   | Found a staircase to the Snake Pit.
 18719 | D:11     | Bought a +4 ring of protection for 432 gold pieces
 18891 | Lair:3   | Reached XP level 13. HP: 73/114 MP: 12/12
 18988 | Lair:3   | Identified the +2 leather armour of the Trees {Will+}
 20449 | Lair:4   | Noticed an azure jelly
 20574 | Lair:5   | Entered Level 5 of the Lair of Beasts
 21643 | Lair:5   | Found a staircase to the Slime Pits.
 21697 | Lair:5   | Reached skill level 10 in Shields
 21711 | Lair:5   | Reached XP level 14. HP: 65/126 MP: 13/13
 22575 | D:10     | Found a staircase to the Orcish Mines.
 22644 | D:10     | Killed Lodul
 23172 | D:12     | Noticed Psyche
 23178 | D:12     | Psyche changed into Psyche the killer bee
 23178 | D:12     | Noticed Psyche
 23184 | D:12     | Killed Psyche the killer bee
 23329 | Orc:1    | Entered Level 1 of the Orcish Mines
 23329 | Orc:1    | Noticed Snorg
 23360 | Orc:1    | Killed Snorg
 23488 | Orc:1    | Noticed Erolcha
 23499 | Orc:1    | Killed Erolcha
 23795 | Orc:2    | Entered Level 2 of the Orcish Mines
 23795 | Orc:2    | Noticed an orc warlord
 23795 | Orc:2    | Found Wentitrircha's Assorted Antiques.
 23795 | Orc:2    | Found Coweopok's General Store.
 24380 | D:12     | Noticed Azrael
 25138 | D:13     | Noticed an ironbound preserver
 25602 | D:13     | Killed an ironbound preserver
 26084 | D:13     | Found a gate to the Vaults.
 26293 | D:13     | Found a portal to a secret trove of treasure.
 26624 | D:13     | Noticed a formless jellyfish
 26962 | D:14     | Found Lite's Changing Room.
 27031 | D:14     | Bought a scroll of fog for 64 gold pieces
 27031 | D:14     | Bought a scroll of teleportation for 48 gold pieces
 27031 | D:14     | Bought a scroll of enchant armour for 120 gold pieces
 27031 | D:14     | Bought 2 scrolls of teleportation for 96 gold pieces
 27031 | D:14     | Bought a scroll of teleportation for 48 gold pieces
 27031 | D:14     | Bought a scroll of identify for 32 gold pieces
 27310 | D:14     | Reached XP level 15. HP: 101/132 MP: 14/14
 27796 | D:14     | Reached skill level 10 in Throwing
 28556 | D:13     | Noticed an acid blob
 28557 | D:13     | an acid blob changed into a shapeshifter
 28910 | D:15     | Entered Level 15 of the Dungeon
 29684 | Lair:5   | Found a corrupted altar of Lugonu.
 29684 | Lair:5   | Found a one-way gate to the infinite horrors of the Abyss.
 30780 | D:15     | Found a radiant altar of Vehumet.
 30975 | D:15     | Found a staircase to the Depths.
 30989 | D:15     | Noticed a fire giant
 32673 | Snake:1  | Entered Level 1 of the Snake Pit
 33810 | Snake:1  | Reached XP level 16. HP: 131/145 MP: 15/15
 33935 | Snake:1  | Identified the +2 kite shield "Cuseorifiph" {rPois Dex+3}
 33935 | Snake:1  | Noticed Asterion
 33948 | Snake:1  | Killed Asterion
 34041 | Snake:2  | Noticed Donald
 34041 | Snake:2  | Noticed Frances
 34619 | Swamp:1  | Entered Level 1 of the Swamp
 34993 | Swamp:1  | Noticed Jorgrun
 35223 | Swamp:1  | Killed Jorgrun
 35479 | Swamp:1  | Found a runed translucent door.
 35487 | Swamp:1  | Noticed Ricegish's ghost (adept GnFi)
 35654 | Swamp:1  | Noticed Roxanne
 36690 | Swamp:2  | Noticed a tentacled monstrosity
 37429 | Swamp:2  | Killed a tentacled monstrosity
 37863 | Swamp:3  | Noticed a fenstrider witch
 37892 | Swamp:2  | Killed a fenstrider witch
 38312 | Swamp:3  | Reached skill level 15 in Fighting
 38331 | Swamp:3  | Reached skill level 15 in Unarmed Combat
 39917 | Snake:2  | Reached XP level 17. HP: 141/156 MP: 16/16
 39974 | Snake:2  | Reached skill level 15 in Armour
 41423 | Snake:2  | Acquired a manual of Evocations
 41424 | Snake:2  | Acquired the +2 pair of boots of Weirdness {Rampage rC-
                  | Will++ SInv}
 41466 | Snake:2  | Killed Donald
 41551 | Snake:3  | Found Eshe's Book Shop.
 41642 | Snake:3  | Identified the serpent talisman of Bright Liberty {rC+
                  | Dex+4}
 41642 | Snake:3  | Noticed Aizul
 41687 | Snake:3  | Killed Aizul
 42789 | Snake:4  | Entered Level 4 of the Snake Pit
 43015 | Snake:4  | Found Guhamm's Magic Scroll Emporium.
 43028 | Snake:4  | Bought a scroll of teleportation for 51 gold pieces
 43028 | Snake:4  | Bought a scroll of teleportation for 51 gold pieces
 43028 | Snake:4  | Bought a scroll of blinking for 127 gold pieces
 43028 | Snake:4  | Bought a scroll of teleportation for 51 gold pieces
 44449 | Orc:2    | Found Kong's Antique Armour Shop.
 44958 | Orc:2    | Reached XP level 18. HP: 169/169 MP: 17/17
 45063 | Orc:2    | Found Hucri's Antique Weapon Boutique.
 45068 | Orc:2    | Bought a scroll of revelation for 240 gold pieces
 45068 | Orc:2    | Bought a scroll of fear for 128 gold pieces
 45082 | Orc:2    | Bought a phantom mirror for 600 gold pieces
 45429 | Orc:2    | Found Vanit's Jewellery Shop.
 45726 | Orc:2    | Found a staircase to the Elven Halls.
 45945 | Orc:1    | Bought a pair of runed gloves for 277 gold pieces
 45945 | Orc:1    | Bought a faintly glowing chain mail for 351 gold pieces
 45945 | Orc:1    | Identified the +7 chain mail of Distant Worlds {Harm rF-
                  | Int+3} (You bought it in a shop on level 1 of the Orcish
                  | Mines)
 45945 | Orc:1    | Bought a pair of ancient boots for 351 gold pieces
 45945 | Orc:1    | Identified the +1 pair of boots "Aral" {Will+} (You bought
                  | it in a shop on level 1 of the Orcish Mines)
 45945 | Orc:1    | Bought a runed cloak for 277 gold pieces
 45960 | Orc:1    | Bought a glowing plate armour for 962 gold pieces
 46437 | Snake:4  | Noticed Vashnia
 46777 | Snake:4  | Noticed a quicksilver dragon
 47073 | Swamp:4  | Entered Level 4 of the Swamp
 47407 | Swamp:4  | Noticed the 27-headed Lernaean hydra
 47768 | Vaults:1 | Identified the "Zeoxetz"
 47768 | Vaults:5 | Identified the of Pominyg
 47768 | Vaults:5 | Identified the "Woett"
 47768 | Elf:1    | Entered Level 1 of the Elven Halls
 48609 | Elf:1    | Found Itua's Antique Armour Shop.
 48726 | Elf:1    | Reached skill level 10 in Evocations
 48840 | Elf:1    | Noticed Norris
 50253 | D:12     | Killed Azrael
 51020 | Swamp:4  | Killed the 27-headed Lernaean hydra
 51194 | Swamp:3  | Reached XP level 19. HP: 97/179 MP: 18/18
 52203 | Swamp:4  | Got a decaying rune of Zot
 52511 | Vaults:1 | Entered Level 1 of the Vaults
 53211 | Vaults:1 | You fall into a shaft and drop 1 floor!
 55735 | Vaults:2 | Reached skill level 15 in Shields
 55820 | Vaults:2 | Identified the +6 sling of Collusion {flame, +Blink rC-
                  | Will+++ Str-2}
 55873 | Vaults:2 | Found Carenad's Antique Armour Boutique.
 55878 | Vaults:2 | Bought a pair of spiked gloves for 380 gold pieces
 55878 | Vaults:2 | Identified the +0 pair of gloves of Anaesthesia {rC+ Will+
                  | rCorr} (You bought it in a shop on level 2 of the Vaults)
 55915 | Vaults:2 | Reached XP level 20. HP: 187/187 MP: 19/19
 56038 | Vaults:2 | Acquired 781 gold pieces
 57191 | Vaults:2 | Found a staircase to the Crypt.
 58137 | Vaults:3 | Reached skill level 15 in Evocations
 58196 | Vaults:3 | Found a transporter.
 58207 | Vaults:3 | Found a transporter.
 58414 | Vaults:3 | Reached skill level 1 in Dodging
 58822 | Vaults:3 | Found Gixufyss's Antique Weapon Shop.
 60064 | Vaults:3 | Reached XP level 21. HP: 194/194 MP: 20/20
 60558 | Vaults:4 | Noticed Saint Roka
 60583 | Vaults:4 | Reached skill level 5 in Dodging
 60587 | Vaults:4 | Killed Saint Roka
 61862 | Vaults:4 | Found Rarchol's Weapon Shop.
 63558 | Elf:2    | Found a runed translucent gate.
 63558 | Elf:2    | Found a runed translucent gate.
 63558 | Elf:2    | Found a runed translucent gate.
 63914 | Elf:3    | Identified the of Gidduoh
 63914 | Elf:3    | Identified the "Nusaoz"
 63914 | Elf:3    | Identified the of Ygrurhih
 63914 | Elf:3    | Entered Level 3 of the Elven Halls
 64113 | Elf:3    | Paralysed by an air elemental for 1 turns
 64444 | Elf:3    | Noticed Nikola
 64861 | Elf:3    | Killed Nikola
 64955 | Elf:3    | Reached skill level 15 in Throwing
 65140 | Elf:3    | Reached XP level 22. HP: 202/202 MP: 21/21
 65195 | Elf:3    | Identified the ring "Ataanur" {rElec rPois Will- Str+6
                  | Dex+5}
 66100 | Elf:3    | Identified the staff of the Endless Expanse {rF+ Int+5
                  | Fire}
 66106 | Elf:3    | Identified the staff of Guteob {*Slow Fly rElec rC- rN+
                  | Int+9 Air}
 66473 | Depths:1 | Entered Level 1 of the Depths
 66478 | Depths:1 | Bought an ichor-stained helmet for 209 gold pieces
 66478 | Depths:1 | Identified the +2 helmet of Burning Satisfaction {*Corrode
                  | rPois Str+3 SInv} (You bought it in a shop on level 1 of
                  | the Depths)
 66682 | Depths:1 | Identified the amulet "Zofick" {Spirit rPois rC+ Int+6}
 67295 | Depths:1 | Acquired a manual of Armour
 67807 | Depths:1 | Found a gateway to Hell.
 68876 | Depths:3 | Noticed a golden dragon
 68890 | Depths:3 | Killed a golden dragon
 69710 | Snake:4  | Got a serpentine rune of Zot
 70154 | Depths:3 | Noticed a golden dragon
 70169 | Depths:3 | Killed a golden dragon
 70244 | Depths:3 | Found a one-way gateway to a ziggurat.
 70577 | Depths:3 | Reached XP level 23. HP: 211/211 MP: 22/22
 70616 | Depths:3 | Noticed a golden dragon
 70630 | Depths:3 | Killed a golden dragon
 71088 | Depths:3 | Noticed a golden dragon
 71106 | Depths:3 | Killed a golden dragon
 71267 | Depths:4 | Entered Level 4 of the Depths
 71932 | Depths:4 | Noticed a juggernaut
 72803 | Depths:4 | Noticed a caustic shrike
 72806 | Depths:4 | Noticed a caustic shrike
 72831 | Depths:4 | Killed a juggernaut
 72834 | Depths:4 | Killed a caustic shrike
 72835 | Depths:4 | Reached skill level 10 in Dodging
 72836 | Depths:4 | Killed a caustic shrike
 72862 | Depths:4 | Noticed a caustic shrike
 72872 | Depths:4 | Killed a caustic shrike
 73478 | Depths:4 | Found a gate to the Realm of Zot.
 74640 | Crypt:1  | Entered Level 1 of the Crypt
 75290 | Crypt:1  | Noticed Xtahua
 75395 | Crypt:1  | Killed Xtahua
 75859 | Crypt:1  | Found a basalt altar of Yredelemnul.
 76726 | Crypt:2  | Reached XP level 24. HP: 150/222 MP: 22/22
 77140 | Crypt:2  | Reached skill level 5 in Stealth
 77804 | Crypt:2  | Noticed a royal mummy
 77832 | Crypt:2  | Killed a royal mummy
 78005 | Crypt:2  | Noticed a royal mummy
 78028 | Crypt:2  | Killed a royal mummy
 78072 | Crypt:2  | Noticed a royal mummy
 78089 | Crypt:2  | Killed a royal mummy
 78131 | Crypt:2  | Found the +7 sceptre of Torment {pain, torment}
 78470 | Crypt:3  | Entered Level 3 of the Crypt
 79277 | Crypt:3  | Found a basalt altar of Yredelemnul.
 79277 | Crypt:3  | Noticed a dread lich
 79287 | Crypt:3  | Killed a dread lich
 79664 | Crypt:3  | Found a staircase to the Tomb.
 80871 | Slime:1  | Entered Level 1 of the Pits of Slime
 81277 | Slime:5  | Entered Level 5 of the Pits of Slime
 81841 | D:14     | Bought a scroll of immolation for 64 gold pieces
 82661 | Slime:5  | Noticed the Royal Jelly
 82666 | Slime:5  | the Royal Jelly changed into a caustic shrike shaped Royal
                  | Jelly
 82666 | Slime:5  | Noticed a caustic shrike shaped Royal Jelly
 82919 | Slime:4  | Killed a caustic shrike shaped Royal Jelly
 83458 | Slime:5  | Reached XP level 25. HP: 233/233 MP: 22/22
 83530 | Slime:5  | Identified the +4 ring mail "Secwaf" {Will+}
 83582 | Slime:5  | Identified the +0 ring mail of Dagib {Int+5}
 83584 | Slime:5  | Identified the +0 robe of Lies {Slay+2}
 83597 | Slime:5  | Got a slimy rune of Zot
 83601 | Slime:5  | Acquired the +11 crystal plate armour of Kuzxouk {Will+}
 84077 | Orc:2    | Bought a ring of protection from fire for 375 gold pieces
 84326 | Zot:1    | Entered Level 1 of the Realm of Zot
 84618 | Zot:1    | Identified the +11 scimitar of the Madman {drain, rElec
                  | Will- Int+3 Dex+5}
 85340 | Zot:1    | You fall into a shaft and drop 1 floor!
 87151 | Zot:3    | Found the +4 dragonskin cloak
 87151 | Zot:3    | Noticed Tiamat
 88107 | Zot:4    | Noticed a Killer Klown
 88123 | Zot:4    | Killed a Killer Klown
 88257 | Zot:4    | Noticed Parghit
 88497 | Zot:5    | Entered Level 5 of the Realm of Zot
 88515 | Zot:5    | Identified the +0 longbow of Hicoarut {drain, Int+4}
 88574 | Zot:5    | Reached XP level 26. HP: 241/246 MP: 22/22
 88655 | Zot:5    | Found a runed translucent gate.
 88655 | Zot:5    | Found a runed translucent gate.
 88655 | Zot:5    | Found a runed translucent gate.
 88657 | Zot:5    | Noticed JaaP's ghost (legendary MiFi)
 89389 | Zot:5    | Noticed an ancient lich
 89406 | Zot:5    | Killed an ancient lich
 89624 | Zot:5    | Noticed an ancient lich
 89649 | Zot:5    | Noticed a Killer Klown
 89652 | Zot:5    | Noticed a dread lich
 89654 | Zot:5    | Noticed an orb of fire
 89659 | Zot:5    | Noticed an orb of fire
 89661 | Zot:5    | Noticed an ancient lich
 89709 | Zot:5    | Noticed a Killer Klown
 89712 | Zot:5    | Noticed an orb of fire
 89713 | Zot:5    | Noticed a Killer Klown
 89713 | Zot:5    | Killed a Killer Klown
 89716 | Zot:5    | Noticed an ancient lich
 89719 | Zot:5    | Noticed a dread lich
 89725 | Zot:5    | Killed an orb of fire
 89734 | Zot:5    | Killed a Killer Klown
 89737 | Zot:5    | Killed a dread lich
 89737 | Zot:5    | Killed an ancient lich
 89757 | Zot:5    | Killed a Killer Klown
 89777 | Zot:5    | Killed a dread lich
 90122 | Zot:5    | Identified the +5 scimitar of the Omega Point {flame, *Rage
                  | rPois rF+++ Str-5}
 90336 | Zot:5    | Got the Orb of Zot
 91087 | D:$      | Escaped with the Orb!

Illustrated notes

Levels and vault maps discovered:
D:1:      scummos_arrival_star, layout_loops_ring
D:2:      layout_basic
D:3:      layout_rooms, shapermc_ecumenical_altar_gd, serial_bayou_pond_d,
          minmay_splitting_lines, nicolae_titane, uniq_crazy_yiuf_cottage
D:4:      layout_cave_pools, minitemple, nicolae_houndstooth_variations
D:5:      layout_basic, minmay_temple_entry_glassed_door,
          hellmonk_ghost_happy_afterlife, nicolae_nh_ransacked_shop
D:6:      layout_cave_pools
D:7:      kennysheep_kobold_camp, layout_basic
D:8:      layout_loops_corners, kb_xom_exploding_sheep, serial_glass,
          glass_columns_b, glass_columns_b, glass_columns_c, uniq_maggie
D:9:      layout_loops_ring, serial_shops, shop, chequers_serial_rivers_large_a
D:10:     layout_rooms, kennysheep_orc_monster_closet_entryway,
          kennysheep_small_circle, uniq_lodul
D:11:     layout_gridville, david_lair_generic, serial_shops, shop
D:12:     layout_loops_corners, uniq_psyche, uniq_azrael
D:13:     cheibrodos_statue_roulette, layout_loops_ring,
          skrybe_vaults_entry_preservation, enter_trove_1, minivault_16
D:14:     layout_stronghold, nicolae_zig_zag_zippers,
          nicolae_transmutations_shop, lemuel_freeze_loot_1
D:15:     grunt_enter_depths_giant_problem, layout_stronghold,
          nicolae_vehumet_radiance
Lair:1:   layout_hall_layers, minivault_11, infiniplex_staircase_pool_2
Lair:2:   layout_chaotic_city, skrybe_swamp_entry_bodies, uniq_erica
Lair:3:   layout_regular_city, dummy_snake_entry, uniq_kirke
Lair:4:   layout_cave_pods, nicolae_quartered_pool_medium,
          nicolae_lair_time_for_slime
Lair:5:   hellmonk_lair_end_abyssal_woods, layout_concentric_octagons,
          minmay_slime_entry_pillars, serial_bayou_shore_a,
          infiniplex_staircase_pool, grunt_megastairs_3
Swamp:1:  layout_falls_marsh, gammafunk_ghost_grave,
          evilmike_swamp_ruin_house_4, swamp_pool3, uniq_roxanne, uniq_jorgrun
Swamp:2:  layout_basic_swamp, nicolae_swamp_little_tower
Swamp:3:  layout_falls_marsh, evilmike_swamp_ruin_house_6
Swamp:4:  swamp_old_school, layout_basic_swamp
Snake:1:  layout_basic, special_room, st_stairs_11, uniq_asterion
Snake:2:  layout_onion, nicolae_snake_slithery_corners, uniq_donald,
          uniq_frances
Snake:3:  layout_gridlike, nicolae_snake_round_shape_thing,
          nicolae_stop_n_shop_2, st_stairs_2, uniq_aizul
Snake:4:  hellmonk_snake_rune_quicksilver_temple, layout_cave_town,
          serial_shops, nicolae_shop_hallway_plus,
          nicolae_twisty_statue_hallways, uniq_vashnia
Slime:1:  layout_caves, nicolae_slime_getting_an_eyeful
Slime:2:  layout_caves
Slime:3:  layout_caves, cheibrodos_slime_lost_civilization_4
Slime:4:  layout_caves
Slime:5:  slime_pit
Orc:1:    layout_caves, basic_altar, mines_bat_river, uniq_snorg, uniq_erolcha
Orc:2:    grunt_orc_gardens, layout_caves, grunt_orc_garden, grunt_orc_garden,
          grunt_orc_garden, grunt_orc_garden, serial_shops, shop,
          portal_ice_cave_entry_pillars_1
Elf:1:    nicolae_elf_arrival_fired_up, layout_geoelf_diagonals, serial_shops,
          shop, minmay_elf_crystal_hexagon, uniq_norris
Elf:2:    nicolae_elf_blades_splatter_lattice [nicolae_blade_tridents],
          layout_loops_ring
Elf:3:    minmay_elf_hall_statues, layout_loops_cross, st_stairs_4, uniq_nikola
Vaults:1: vaults_room_boxed, v_misc_32, vaults_dpeg_spiral,
          hangedman_vaults_restitches, v_misc_13, nicolae_vaults_rhombus_5,
          nicolae_vaults_storage_closets_3, v_misc_14,
          nicolae_vaults_little_squares_6, layout_vaults_omnigrid
Vaults:2: ontoclasm_vaults_water_temple, minmay_crypt_entry_simple_sparse,
          nicolae_vaults_hallways_thing, nicolae_vaults_closet_pinwheel_3,
          nicolae_vaults_shrinking_rooms_2, nicolae_vaults_ellipses_ellipsis,
          nicolae_vaults_shelves_hall, nicolae_vaults_asterisk,
          vaults_room_grid, vaults_room_stairs_pillars,
          vaults_mumra_minichess_inversion, hangedman_vaults_slice,
          nicolae_vaults_yaktaur_gun_rack, vaults_dpeg_encased_lava,
          nicolae_vaults_little_squares_6, nicolae_vaults_tetromino_T_1,
          layout_vaults_omnibox, serial_shops, shop
Vaults:3: v_alt_pattern_2, ontoclasm_vaults_chip, vaults_room_door_hall,
          nicolae_vaults_variable_pillar_hall, gammafunk_sealed_arena,
          v_rooms_1, nicolae_vaults_two_Ls, nicolae_vaults_network_quinsquares
          [nicolae_vaults_network_quincunx_subvault,
          nicolae_vaults_network_quincunx_subvault,
          nicolae_vaults_network_quincunx_subvault,
          nicolae_vaults_network_quincunx_subvault], ontoclasm_vaults_spin,
          nicolae_vaults_tetromino_Z_1, vaults_room_semicircle, v_misc_14,
          nicolae_vaults_octothorpe, serial_ice_b, vaults_dpeg_ring,
          layout_vaults_big_cross, serial_shops, shop, uniq_margery
Vaults:4: nicolae_vaults_turnstiles, grunt_vaults_focal,
          hangedman_vaults_slither, nicolae_vaults_spaceships,
          nicolae_vaults_border_crossing, vaults_room_hallway,
          nicolae_vaults_trapezoid_layered, nicolae_vaults_sightless_eye,
          layout_vaults_chaotic_city, serial_shops,
          nicolae_shop_bloodbath_and_beyond, uniq_saint_roka
Crypt:1:  layout_regular_city, lemuel_hellish_altar, uniq_xtahua
Crypt:2:  minmay_guarded_unrand_sceptre_of_torment, layout_chaotic_city,
          roderic_lattice_octagonal_star
Crypt:3:  cryptofortress_bobbens
Depths:1: layout_cave_pools, hangedman_coc_ice_floe,
          hangedman_stitches_earthworm, serial_bayou_shore_b,
          infiniplex_staircase_pool_lava
Depths:2: lemuel_river_lethe, pan_entry, hell_entry
Depths:3: minmay_swirls_squares, layout_cave_pools, enter_ziggurat_f,
          hangedman_abyss_entry_splay, hell_entry
Depths:4: grunt_zot_entry_alcove, layout_cave_shapes,
          nicolae_hell_entry_hellmouth_sunbeams, serial_glass, glass_columns_c,
          glass_columns_c, glass_columns_a, glass_columns_b, glass_columns_b,
          glass_columns_b, abyss_entry, nicolae_elyvilon_temple_path,
          serial_bayou_shore_b
Zot:1:    nicolae_zot_stationary_front, layout_twisted_circle
Zot:2:    layout_concentric_octagons, st_stairs_6
Zot:3:    layout_onion_interference, regret_index_zotdec_barnacled_alternative,
          uniq_tiamat
Zot:4:    layout_twisted_circle, uniq_parghit
Zot:5:    layout_gridville, gammafunk_ghost_ooze

Skill      XL: |  1  2  3  4  5  6  7  8  9 10 11 12 13 14 15 16 17 18 19 20 21 22 23 24 25 26 |
---------------+-------------------------------------------------------------------------------+-----
Stealth        | 2 4 8 |  8.0
Unarmed Combat | 3 4 6 7 9 10 12 13 15 17 18 19 20 22 | 22.5
Fighting       | 4 5 6 7 8 9 10 12 13 15 17 18 19 20 22 | 22.5
Armour         | 3 4 5 6 8 9 10 11 12 13 14 15 17 18 | 18.8
Throwing       | 1 3 6 9 10 12 15 16 | 16.0
Evocations     | 1 3 6 13 14 15 16 17 18 19 20 | 20.4
Shields        | 4 8 10 12 15 | 15.6
Dodging        | 4 8 9 10 | 10.0

Action                     |  1- 3 |  4- 6 |  7- 9 | 10-12 | 13-15 | 16-18 | 19-21 | 22-24 | 25-27 || total
---------------------------+-------+-------+-------+-------+-------+-------+-------+-------+-------++-------
  Melee: Unarmed           |   129 |   146 |   387 |   451 |  1585 |  1987 |  2144 |  2350 |   909 || 10088
  Throw: Stone             |    14 |    23 |       |       |       |       |       |       |       ||    37
         Dart              |       |     8 |    15 |    26 |    50 |    36 |     1 |       |     9 ||   145
         Boomerang         |       |       |     4 |    10 |    19 |    16 |    52 |   240 |   127 ||   468
         Javelin           |       |       |     4 |     3 |    38 |    14 |    36 |    24 |    28 ||   147
         Throwing net      |       |       |       |       |       |       |       |     1 |       ||     1
 Invoke: Call Merchant     |       |       |     1 |       |     1 |     1 |       |     3 |       ||     6
         Potion Petition   |       |       |       |       |     2 |     4 |     3 |     3 |       ||    12
         Bribe Branch      |       |       |       |       |       |       |       |       |     2 ||     2
  Evoke: Wand              |       |       |    12 |    34 |    22 |    31 |    11 |    33 |    26 ||   169
         Phantom mirror    |       |       |       |       |       |     2 |     3 |     2 |     2 ||     9
         Box of beasts     |       |       |       |       |       |       |     6 |     5 |     3 ||    14
         Phial of floods   |       |       |       |       |       |       |     4 |     1 |       ||     5
    Use: Scroll            |     4 |       |     6 |    13 |    14 |    26 |    11 |     4 |     8 ||    86
         Potion            |       |       |     2 |     5 |     9 |    16 |     2 |     2 |     3 ||    39
   Stab: Paralysed         |       |       |     9 |    11 |     4 |    14 |     3 |     6 |     6 ||    53
         Distracted        |       |       |       |     1 |     7 |     6 |     6 |     9 |     5 ||    34
         Invisible         |       |       |       |       |     3 |       |       |    13 |     2 ||    18
 Armour: Scale mail        |    50 |   102 |       |       |       |       |       |       |       ||   152
         Plate armour      |       |       |   197 |   305 |  1019 |  1454 |  1470 |  1530 |       ||  5975
         Chain mail        |       |       |     1 |       |       |       |       |       |       ||     1
         Crystal plate arm |       |       |       |       |       |       |       |       |   713 ||   713
  Dodge: Dodged            |    42 |    70 |   173 |   181 |   551 |   678 |   719 |   872 |   303 ||  3589
  Block: Buckler           |    14 |    25 |    52 |    17 |       |       |       |       |       ||   108
         Kite shield       |       |       |       |   204 |   972 |  1135 |  1151 |  1337 |   402 ||  5201

Table legend: (Time is in decaauts)
 A = Elapsed time spent in this place.
 B = Non-inter-level travel time spent in this place.
 C = Inter-level travel time spent in this place.
 D = Time resting spent in this place.
 E = Time spent auto-exploring this place.
 F = Levels seen in this place.
 G = Mean time per level.
                   A        B        C        D        E       F      G
               +--------+--------+--------+--------+--------+-----+--------+
         Total |  90287 |  80289 |   9998 |  12909 |  46297 |  54 | 1672.0 |
       Dungeon |  26587 |  22774 |   3813 |   5527 |  10094 |  15 | 1772.5 |
          Lair |  10011 |   7917 |   2094 |    728 |   5487 |   5 | 2002.2 |
         Swamp |   7226 |   6533 |    693 |    986 |   4026 |   4 | 1806.5 |
     Snake Pit |   7714 |   7013 |    701 |   1049 |   3902 |   4 | 1928.5 |
    Slime Pits |   2420 |   2269 |    151 |   1428 |    264 |   5 |  484.0 |
  Orcish Mines |   2449 |   1928 |    521 |    325 |   1084 |   2 | 1224.5 |
   Elven Halls |   5235 |   4664 |    571 |    621 |   2626 |   3 | 1745.0 |
        Vaults |  10325 |   9616 |    709 |    268 |   7189 |   4 | 2581.2 |
         Crypt |   5687 |   5555 |    132 |    180 |   4104 |   3 | 1895.7 |
        Depths |   6578 |   6233 |    345 |    667 |   4326 |   4 | 1644.5 |
           Zot |   6050 |   5788 |    262 |   1125 |   3193 |   5 | 1210.0 |
               +--------+--------+--------+--------+--------+-----+--------+

Top non-repeatable levels by time:
    D:13: 3324 daAuts
Vaults:1: 3110 daAuts
     D:3: 2934 daAuts
Depths:3: 2810 daAuts
Vaults:2: 2725 daAuts
  Lair:5: 2562 daAuts
Vaults:3: 2473 daAuts
   Elf:3: 2432 daAuts
  Lair:2: 2342 daAuts
 Snake:4: 2321 daAuts
 Swamp:3: 2266 daAuts
 Snake:2: 2213 daAuts
    D:15: 2201 daAuts
    D:12: 2175 daAuts
  Lair:1: 2119 daAuts
